 Dungeon Crawl Stone Soup version 0.30-a0-956-gcec3b41aec (webtiles) character file.

Game seed: 541519681854940805

5216 Shard1697 the Cleaver (level 10, -25/86 HPs)
             Began as a Formicid Fighter on Mar 29, 2023.
             Was an Initiate of Yredelemnul.
             Annihilated by a two-headed ogre
             ... wielding a +0 giant spiked club
              (30 damage)
             ... on level 10 of the Dungeon.
             The game lasted 00:21:26 (9816 turns).

Shard1697 the Cleaver (Formicid Fighter)            Turns: 9816, Time: 00:21:26

Health: -25/86     AC:  9    Str: 23    XL:     10   Next: 92%
Magic:  13/13      EV: 10    Int:  8    God:    Yredelemnul [......]
Gold:   486        SH: 11    Dex: 15    Spells: 9/9 levels left

rFire   . . .      SeeInvis +    a - +1 broad axe
rCold   . . .      Faith    .    c - +0 buckler
rNeg    . . .      Spirit   .    p - +3 leather armour {Will+}
rPois   +          Reflect  +    (helmet unavailable)
rElec   .          Rampage  .    x - +2 cloak {rPois}
rCorr   .                        (no gloves)
Will    ++...                    (no boots)
Stlth   +                        s - amulet of reflection
HPRegen 0.34/turn                (no ring)
MPRegen 0.13/turn                (no ring)

@: no status effects
A: permanent stasis, dig shafts and tunnels, antennae 3, four strong arms
a: Dig, Shaft Self, Renounce Religion, Recall Undead Harvest


You were on level 10 of the Dungeon.
You worshipped Yredelemnul.
Yredelemnul was noncommittal.
You visited 1 branch of the dungeon, and saw 10 of its levels.
You also visited: Ossuary.

You collected 512 gold pieces.
You spent 26 gold pieces at shops.

Inventory:

Hand Weapons
 a - a +1 broad axe (weapon)
 b - a +0 flail
Armour
 c - a +0 buckler (worn)
 p - a +3 leather armour of willpower (worn)
 x - a +2 cloak of poison resistance (worn)
 y - +0 acid dragon scales
Jewellery
 e - an amulet of magic regeneration
 s - an amulet of reflection (around neck)
 z - a ring of fire
Wands
 n - a wand of flame (40)
 t - a wand of mindburst (19)
Scrolls
 i - 2 scrolls of identify
 k - 2 scrolls of enchant armour
 l - a scroll of fear
 q - 2 scrolls of fog
 r - a scroll of brand weapon
 u - 4 scrolls of poison
 v - 3 scrolls of immolation
 w - a scroll of magic mapping
Potions
 d - a potion of brilliance
 f - 3 potions of attraction
 g - 4 potions of resistance
 h - a potion of magic
 j - 3 potions of curing
 m - 3 potions of mutation
 o - 2 potions of heal wounds


   Skills:
 - Level 10.4 Fighting
 + Level 10.9 Axes
 + Level 3.5 Armour
 + Level 7.1 Shields
 + Level 5.3 Invocations


You had 9 spell levels left.
You didn't know any spells.
Your spell library contained the following spells:

 Spells                   Type           Power      Damage    Failure   Level
 Magic Dart               Conj           0%         1d3       52%         1
 Shock                    Conj/Air       0%         1d3       52%         1
 Ensorcelled Hibernation  Hex/Ice        0%         N/A       65%         2
 Passwall                 Tmut/Erth      0%         N/A       65%         2
 Searing Ray              Conj           0%         2d4       65%         2
 Frozen Ramparts          Ice            0%         1d1       87%         3
 Airstrike                Air            0%         2d(0-16)  99%         4
 Fulminant Prism          Conj/Hex       0%         3d5       99%         4
 Ice Form                 Ice/Tmut       0%         N/A       99%         4
 Summon Ice Beast         Ice/Summ       0%         N/A       99%         4
 Swiftness                Air            Unusable   N/A       N/A         3

Dungeon Overview and Level Annotations

Branches:
Dungeon (10/15)            Temple (0/1) D:6         Ossuary (visited)
   Lair: D:8-11         Orc: D:9-12

Altars:
Ashenzari
Hepliaklqana
Kikubaaqudgha
Okawaru
Ru
Trog
Uskayaw
Vehumet
Wu Jian
Yredelemnul

Shops:
D:2 ?   D:3 =


Innate Abilities, Weirdness & Mutations

You cannot be hasted, slowed, berserked, paralysed or teleported.
You can dig through walls and to a lower floor.
You have a pair of large antennae on your head. (SInv)
Your four strong arms can wield two-handed weapons with a shield.


Message History

You swap places.
There is a stone staircase leading down here.
You climb downwards.
You can no longer trade souls for undead servants.
There is a stone staircase leading up here.
A two-headed ogre comes into view.
It is wielding a +0 giant spiked club and a +0 giant club.
The two-headed ogre shouts in stereo!
Okay, then.
You slash the two-headed ogre!
The two-headed ogre is lightly wounded.
The two-headed ogre hits you with a +0 giant spiked club!
You block the two-headed ogre's attack.
You closely miss the two-headed ogre.
The two-headed ogre is lightly wounded.
You hit the two-headed ogre.
The two-headed ogre is moderately wounded.
The two-headed ogre hits you with a +0 giant spiked club!
You block the two-headed ogre's attack.
You slash the two-headed ogre!
The two-headed ogre is heavily wounded.
The two-headed ogre hits you with a +0 giant spiked club!!
The two-headed ogre closely misses you.
You hit the two-headed ogre but do no damage.
The two-headed ogre is heavily wounded.
You hit the two-headed ogre.
The two-headed ogre is heavily wounded.
The two-headed ogre hits you but does no damage.
The two-headed ogre closely misses you.
You slice the two-headed ogre!!
The two-headed ogre is almost dead.
The two-headed ogre hits you with a +0 giant spiked club!!
* * * LOW HITPOINT WARNING * * *
The two-headed ogre hits you with a +0 giant club.
* * * LOW HITPOINT WARNING * * *
You hit the two-headed ogre but do no damage.
The two-headed ogre is almost dead.
You block the two-headed ogre's attack.
The two-headed ogre hits you with a +0 giant club!!
You die...
Your body rises from the dead as a mindless zombie.

### . #<#
.. #.# ...
#.# ...
#.# .. #.#
#.###.#@##
#.....O..#
#######..#
...# ###.#
.# .# .#
.#


You could see a two-headed ogre.

Vanquished Creatures
  Maurice (D:9)
  Maggie (D:6)
  Joseph (D:8)
  A hornet (D:8)
  2 wyverns
  Menkaure (D:6)
  Edmund (D:5)
  2 water moccasins (D:6)
  2 black bears (D:6)
  4 orc warriors
  2 sky beasts (D:7)
  A wolf (D:8)
  2 ogres
  6 bullfrogs
  A scorpion (D:4)
  A centaur zombie (D:4)
  6 orc priests
  3 hounds
  2 iguanas
  A scorpion zombie (D:4)
  7 orc wizards
  3 hound zombies (D:4)
  Robin (D:3)
  14 mummies
  5 gnolls
  5 adders
  2 white imps
  4 dart slugs
  21 orcs
  4 endoplasms
  A giant cockroach (D:2)
  8 hobgoblins
  20 kobolds
  7 quokkas
  9 ball pythons
  4 bats
  2 frilled lizards (D:1)
  3 gnoll skeletons (Ossuary)
  18 goblins
  2 goblin skeletons (Ossuary)
  A hobgoblin zombie (D:4)
  2 kobold skeletons (Ossuary)
  An orc skeleton (Ossuary)
  An orc zombie (D:4)
  6 rats
  11 rat skeletons (Ossuary)
203 creatures vanquished.

Vanquished Creatures (collateral kills)
  Grinder (D:6)
  Grum (D:8)
  A steam dragon (D:9)
  2 water moccasins
  A wolf (D:8)
  A howler monkey (D:9)
  2 hounds (D:5)
  An orc priest (D:8)
  A gnoll bouda (D:6)
  An orc wizard (D:7)
  2 adders (D:6)
  8 orcs
  A kobold (D:6)
23 creatures vanquished.

Vanquished Creatures (others)
  A wizard (D:9)
  2 wyvern zombies
  A water moccasin zombie (D:6)
  A bullfrog zombie (D:6)
  A hound zombie (D:6)
  An iguana zombie (D:6)
  A spectral white imp (D:6)
  3 adder zombies
  2 gnoll zombies (D:6)
  3 kobolds (D:6)
  A goblin zombie (D:4)
  12 kobold zombies (D:6)
  4 orc zombies
  62 plants
95 creatures vanquished.

Grand Total: 321 creatures vanquished

Notes
Turn   | Place    | Note
-------+----------+-------------------------------------------
     0 | D:1      | Shard1697 the Formicid Fighter began the quest for the Orb.
     0 | D:1      | Reached XP level 1. HP: 18/18 MP: 1/1
    83 | D:1      | Reached XP level 2. HP: 24/24 MP: 2/2
   403 | D:1      | Reached XP level 3. HP: 29/29 MP: 3/3
   549 | D:2      | Found Sacyam's Magic Scroll Shop.
   552 | D:2      | Bought a scroll of identify for 26 gold pieces
   831 | D:2      | Reached XP level 4. HP: 35/35 MP: 4/4
  1250 | D:3      | Found an iron altar of Okawaru.
  1325 | D:3      | Found a radiant altar of Vehumet.
  1428 | D:3      | Found Vask's Jewellery Boutique.
  1481 | D:3      | Noticed Robin
  1494 | D:3      | Killed Robin
  1908 | D:4      | Noticed an ogre
  1947 | D:4      | Noticed an ogre
  1952 | D:4      | Killed an ogre
  1953 | D:4      | Reached skill level 5 in Axes
  1953 | D:4      | Reached XP level 5. HP: 37/41 MP: 5/5
  2111 | D:4      | Reached XP level 6. HP: 41/47 MP: 6/6
  2170 | D:4      | Found a sand-covered staircase.
  2178 | Ossuary  | Entered an ossuary
  2828 | Ossuary  | Reached XP level 7. HP: 47/54 MP: 7/7
  3168 | D:4      | Found a basalt altar of Yredelemnul.
  3182 | D:4      | Became a worshipper of Yredelemnul the Dark
  3469 | D:4      | Reached skill level 5 in Fighting
  3473 | D:4      | Found a hide-covered altar of Uskayaw.
  3474 | D:4      | Found a broken altar of Ashenzari.
  3908 | D:5      | Entered Level 5 of the Dungeon
  4116 | D:5      | Noticed Edmund
  4133 | D:5      | HP: 1/56 [hound (2)]
  4137 | D:5      | Killed Edmund
  4137 | D:5      | Reached * piety under Yredelemnul
  4138 | D:5      | Reached XP level 8. HP: 29/63 MP: 8/8
  4405 | D:5      | Reached ** piety under Yredelemnul
  4951 | D:5      | Found an ornate altar of the Wu Jian Council.
  5028 | D:6      | Noticed Menkaure
  5145 | D:6      | Killed Menkaure
  5151 | D:6      | Found a staircase to the Ecumenical Temple.
  5707 | D:6      | Reached XP level 9. HP: 71/72 MP: 9/9
  6120 | D:6      | Noticed Maggie
  6129 | D:6      | Noticed Grinder
  6144 | D:6      | Killed Maggie
  6210 | D:6      | Killed Grinder
  7092 | D:7      | Reached skill level 10 in Axes
  7092 | D:7      | Reached skill level 1 in Invocations
  7117 | D:7      | Reached XP level 10. HP: 80/83 MP: 11/11
  7137 | D:7      | Reached *** piety under Yredelemnul
  7288 | D:7      | Reached skill level 5 in Shields
  7342 | D:7      | Reached **** piety under Yredelemnul
  7493 | D:7      | Reached ***** piety under Yredelemnul
  7568 | D:7      | Found a sacrificial altar of Ru.
  7702 | D:7      | Found an ancient bone altar of Kikubaaqudgha.
  7867 | D:8      | Noticed Joseph
  8012 | D:8      | Killed Joseph
  8013 | D:8      | Reached skill level 10 in Fighting
  8591 | D:8      | Noticed Grum
  8596 | D:8      | Killed Grum
  8787 | D:9      | Noticed Maurice
  8804 | D:9      | Killed Maurice
  8805 | D:9      | Reached skill level 5 in Invocations
  8860 | D:9      | Found a hazy altar of Hepliaklqana.
  9256 | D:9      | Found a bloodstained altar of Trog.
  9260 | D:9      | Noticed a wizard
  9266 | D:9      | Killed a wizard
  9801 | D:10     | Entered Level 10 of the Dungeon
  9807 | D:10     | Noticed a two-headed ogre
  9816 | D:10     | Annihilated by a two-headed ogre

Illustrated notes

Levels and vault maps discovered:
D:1:      roderic_crop_circles_arrival_small, layout_rooms,
          minmay_misc_feat_cross, minmay_statues_item, minivault_26,
          serial_bayou_lagoon_a
D:2:      layout_basic, serial_shops, shop
D:3:      layout_basic, mainiacjoe_overflow_concentric_impassable,
          overflow_temple_1_default, serial_shops, nicolae_shop_stone,
          grunt_decor_cap, chequers_garden, minmay_door_square, uniq_robin
D:4:      nicolae_cairo_tiling_large, layout_basic,
          nicolae_yredelemnul_corpse_copse, gammafunk_temple_overflow_statue,
          nicolae_ossuary_entry_giza
D:5:      layout_cave_pods, nzn_wu_jian_contemplation,
          minmay_increasing_density, uniq_edmund
D:6:      kennysheep_kobold_camp, layout_layer_cave,
          minmay_temple_entry_mini_moons, grunt_tough_drop, uniq_maggie,
          uniq_menkaure, uniq_grinder
D:7:      layout_basic, general_overflow_altar, kennysheep_mini_moat
D:8:      layout_gridville, uniq_grum, uniq_joseph
D:9:      layout_stronghold, trog_wizard, nicolae_hepliaklqana_hazy_memory,
          uniq_maurice
D:10:     layout_basic, amcnicky_altar_gilded, hiddenorc1_lemuel

Skill      XL: |  1  2  3  4  5  6  7  8  9 10 |
---------------+-------------------------------+-----
Axes           | 3 5 6 7 8 10 | 10.9
Fighting       | 4 5 7 9 10 | 10.4
Invocations    | 2 5 |  5.3
Shields        | 7 |  7.1
Armour         | |  3.5

Action                     |  1- 3 |  4- 6 |  7- 9 | 10-12 || total
---------------------------+-------+-------+-------+-------++-------
  Melee: War axe           |    92 |   165 |   276 |       ||   533
         Broad axe         |       |       |    21 |   128 ||   149
         Unarmed           |       |       |     1 |       ||     1
 Invoke: Dark Bargain      |       |       |       |     1 ||     1
  Evoke: Wand              |       |       |       |     1 ||     1
    Use: Scroll            |     1 |     6 |    10 |     4 ||    21
         Potion            |       |     1 |    11 |       ||    12
   Stab: Distracted        |       |       |     3 |     2 ||     5
         Invisible         |       |       |    17 |       ||    17
 Armour: Scale mail        |    49 |    32 |    53 |       ||   134
         Chain mail        |       |       |    82 |       ||    82
         Acid dragon scale |       |       |     9 |     9 ||    18
         Leather armour    |       |       |       |    15 ||    15
  Dodge: Dodged            |    43 |    55 |   107 |    35 ||   240
  Block: Buckler           |    15 |    23 |   139 |    64 ||   241
         Reflection        |       |       |     5 |     2 ||     7
         Other             |       |       |     4 |       ||     4

Table legend: (Time is in decaauts)
 A = Elapsed time spent in this place.
 B = Non-inter-level travel time spent in this place.
 C = Inter-level travel time spent in this place.
 D = Time resting spent in this place.
 E = Time spent auto-exploring this place.
 F = Levels seen in this place.
 G = Mean time per level.
                   A        B        C        D        E       F      G
               +--------+--------+--------+--------+--------+-----+--------+
         Total |   9949 |   9718 |    231 |   1369 |   5994 |  11 |  904.5 |
       Dungeon |   9218 |   8987 |    231 |    980 |   5934 |  10 |  921.8 |
       Ossuary |    731 |    731 |      0 |    389 |     60 |   1 |  731.0 |
               +--------+--------+--------+--------+--------+-----+--------+

Top non-repeatable levels by time:
     D:6: 1850 daAuts
     D:5: 1345 daAuts
     D:4: 1295 daAuts
     D:9: 1058 daAuts
     D:8: 862 daAuts
     D:3: 829 daAuts
     D:7: 808 daAuts
 Ossuary: 731 daAuts
     D:2: 610 daAuts
     D:1: 542 daAuts
    D:10: 15 daAuts
